Map: 锈化山巅-天梯版

Players

Cyan - Winner!

  • Race: Protoss Protoss
  • League: Master

JieShi

  • Race: Protoss Protoss
  • League: Master

Event: DreamHack SC2 Masters 2020 Winter

VOD

Have the link to the VOD?

Description

Time

  • Played on: Oct. 31, 2020, 8:08 a.m.
  • Length: 13:26

All games in this series

Show
View Real Time Build Order
Export as new Build Order

Cyan Protoss - Winner!

Build Orders:  

Get SALT Encoding   

  12  0:00  Probe  
  13  0:12  Probe  
  14  0:18  Pylon  
  14  0:24  Probe (Chrono Boost)  
  15  0:37  Probe (Chrono Boost)  
  15  0:39  Gateway  
  16  0:45  Probe (Chrono Boost)  
  16  0:46  Assimilator  
  17  0:51  Probe  
  18  0:58  Assimilator  
  18  1:03  Probe (Chrono Boost)  
  19  1:08  Gateway  
  19  1:13  Probe (Chrono Boost)  
  20  1:18  Probe (Chrono Boost)  
  21  1:26  Cybernetics Core  
  21  1:30  Probe  
  22  1:34  Pylon  
  22  1:42  Probe  
  24  1:54  Probe  
  24  2:02  Adept x2  
  24  2:06  Probe  
  29  2:13  Warp Gate (Chrono Boost), Pylon  
  29  2:18  Probe  
  29  2:20  Shield Battery  
  30  2:32  Adept x2  
  30  2:34  Probe  
  35  2:54  Nexus  
  35  2:59  Pylon  
  35  3:02  Adept  
  35  3:04  Adept  
  39  3:09  Pylon  
  37  3:20  Shield Battery, Probe  
  37  3:28  Pylon  
  36  3:34  Robotics Facility  
  36  3:36  Probe  
  35  3:50  Probe  
  35  3:54  Adept x2  
  40  4:00  Shield Battery  
  40  4:02  Probe (Chrono Boost)  
  42  4:12  Probe (Chrono Boost)  
  42  4:13  Probe (Chrono Boost)  
  42  4:16  Stalker  
  45  4:22  Stalker  
  45  4:23  Observer  
  47  4:25  Probe (Chrono Boost)  
  47  4:26  Probe (Chrono Boost)  
  49  4:37  Probe (Chrono Boost)  
  49  4:38  Probe (Chrono Boost)  
  51  4:43  Probe x2 (Chrono Boost)  
  51  4:44  Stalker  
  55  4:46  Observer  
  55  4:51  Stalker, Probe  
  59  4:53  Probe  
  60  5:03  Shield Battery, Probe  
  61  5:08  Probe  
  61  5:10  Stalker  
  60  5:17  Probe  
  60  5:18  Stalker  
  60  5:20  Probe  
  60  5:21  Warp Prism (Chrono Boost)  
  66  5:29  Probe  
  66  5:32  Pylon  
  67  5:41  Stalker  
  70  5:42  Probe  
  70  5:45  Assimilator  
  70  5:50  Twilight Council, Probe  
  70  5:56  Assimilator  
  72  5:57  Forge, Probe  
  72  6:01  Pylon  
  72  6:07  Probe  
  72  6:09  Adept x2  
  77  6:18  Immortal (Chrono Boost)  
  77  6:20  Pylon  
  77  6:23  Gateway  
  81  6:26  Blink (Chrono Boost)  
  81  6:29  Protoss Ground Weapons Level 1 (Chrono Boost)  
  81  6:33  Probe  
  82  6:46  Shield Battery, Observer  
  74  6:47  Gateway x2, Shield Battery  
  72  6:59  Photon Cannon  
  72  7:00  Photon Cannon  
  72  7:02  Stalker  
  72  7:06  Stalker  
  76  7:12  Photon Cannon  
  76  7:21  Templar Archives  
  75  7:29  Adept  
  77  7:30  Adept  
  77  7:34  Stalker  
  81  7:41  Shield Battery  
  81  7:43  Pylon  
  81  7:57  Stalker x4  
  83  8:11  Pylon  
  83  8:16  Pylon  
  83  8:18  Gateway  
  83  8:19  Stalker  
  85  8:21  Gateway  
  85  8:22  High Templar x4  
  93  8:28  Archon x2  
  93  8:41  Warp Prism  
  92  8:45  Protoss Ground Weapons Level 2 (Chrono Boost)  
  92  8:47  Sentry  
  94  8:55  Sentry  
  91  9:06  Stalker x3  
  91  9:07  Probe x2  
  93  9:24  Pylon  
  89  9:42  Stalker x5  
  89  9:43  Stalker  
  89  9:44  Stalker  
  75  10:12  Stalker x5  
  79  10:27  Stalker x2  
  63  10:37  Stalker  
  59  10:42  Observer  
  55  10:54  Stalker x2  
  55  10:55  Stalker x4  
  65  11:13  Adept  
  65  11:18  Adept  
  69  11:19  Stalker x3  
  69  11:23  Stalker  
  75  11:34  Stalker  
  75  11:35  Stalker  
  79  11:40  Stalker  
  77  11:48  Observer  
  71  11:56  Stalker x3  
  69  12:03  Observer  
  69  12:06  Stalker x2  
  69  12:07  Observer  
  71  12:10  Stalker  
  71  12:14  Stalker  
  71  12:23  Sentry x3  
  71  12:29  Stalker  
  70  12:52  Stalker  
  68  12:58  Stalker x4  
  68  12:59  Stalker  
  68  13:04  Stalker x2  
Show
View Real Time Build Order
Export as new Build Order

JieShi Protoss 

Build Orders: Oracle Opening 

Get SALT Encoding   

  12  0:00  Probe  
  13  0:12  Probe  
  14  0:17  Pylon  
  14  0:24  Probe (Chrono Boost)  
  15  0:37  Gateway, Probe (Chrono Boost)  
  16  0:44  Probe (Chrono Boost)  
  16  0:47  Assimilator  
  17  0:51  Probe  
  17  0:54  Assimilator  
  18  1:03  Probe (Chrono Boost)  
  19  1:07  Gateway  
  19  1:13  Probe (Chrono Boost)  
  19  1:18  Probe (Chrono Boost)  
  20  1:25  Cybernetics Core  
  21  1:29  Probe  
  22  1:34  Pylon  
  22  1:41  Probe  
  23  1:53  Probe  
  24  2:00  Warp Gate  
  24  2:01  Stalker  
  24  2:02  Stalker  
  28  2:16  Pylon  
  28  2:30  Stargate  
  28  2:32  Adept  
  28  2:36  Adept  
  31  2:57  Nexus  
  31  3:02  Probe  
  32  3:09  Shield Battery  
  32  3:13  Shield Battery  
  32  3:15  Oracle (Chrono Boost)  
  32  3:20  Probe  
  33  3:32  Probe  
  32  3:42  Oracle (Chrono Boost)  
  32  3:44  Probe  
  32  3:45  Shield Battery  
  34  3:51  Adept  
  36  3:56  Shield Battery  
  36  3:57  Adept  
  36  4:00  Probe  
  39  4:08  Pylon  
  39  4:12  Oracle (Chrono Boost)  
  42  4:22  Adept  
  44  4:27  Shield Battery  
  44  4:33  Probe x2  
  44  4:38  Adept  
  48  4:45  Probe (Chrono Boost)  
  50  4:50  Probe (Chrono Boost)  
  50  4:53  Twilight Council  
  50  4:55  Probe (Chrono Boost)  
  50  4:59  Probe (Chrono Boost)  
  52  5:01  Probe  
  53  5:09  Probe  
  53  5:13  Probe  
  55  5:17  Adept  
  55  5:18  Adept  
  59  5:21  Probe  
  59  5:22  Robotics Facility  
  59  5:25  Probe  
  61  5:28  Pylon x2  
  61  5:29  Resonating Glaives (Chrono Boost)  
  58  5:52  Gateway  
  58  5:53  Gateway  
  58  5:54  Gateway  
  58  5:56  Phoenix (Chrono Boost)  
  58  5:58  Probe x2  
  58  6:00  Assimilator  
  58  6:03  Adept  
  64  6:07  Adept  
  64  6:10  Assimilator, Probe  
  67  6:13  Observer  
  67  6:14  Probe  
  69  6:18  Pylon  
  69  6:28  Gateway  
  69  6:30  Gateway  
  69  6:33  Adept  
  69  6:37  Adept  
  69  6:39  Warp Prism (Chrono Boost)  
  72  6:45  Probe  
  70  6:47  Probe  
  71  6:58  Probe  
  71  6:59  Adept x3, Probe  
  79  7:02  Adept  
  79  7:06  Adept  
  83  7:11  Pylon  
  83  7:14  Probe x2  
  85  7:28  Blink (Chrono Boost)  
  85  7:33  Probe  
  87  7:40  Robotics Bay  
  87  7:44  Adept x3  
  91  7:46  Adept  
  91  7:47  Pylon  
  91  7:53  Probe x2  
  89  8:05  Probe x2  
  86  8:17  Probe x2  
  84  8:29  Probe x2  
  84  8:31  Observer (Chrono Boost)  
  85  8:37  Nexus  
  83  8:41  Probe  
  83  8:42  Probe  
  83  8:45  Robotics Facility  
  83  8:46  Stalker x2  
  83  8:47  Stalker, Sentry  
  91  8:48  Disruptor (Chrono Boost)  
  94  8:59  Forge  
  82  9:12  Stalker  
  82  9:13  Stalker  
  78  9:18  Disruptor  
  78  9:22  Shield Battery  
  78  9:23  Shield Battery  
  81  9:30  Stalker  
  83  9:33  Stalker x3  
  86  9:38  Stalker  
  86  9:41  Shield Battery  
  86  9:43  Stalker  
  86  9:44  Adept  
  88  9:54  Stalker  
  88  9:58  Zealot x2  
  78  10:03  Stalker  
  71  10:13  Stalker  
  71  10:14  Stalker  
  64  10:20  Stalker  
  63  10:27  Zealot  
  63  10:28  Adept  
  61  10:34  Zealot  
  55  10:42  Stalker  
  49  10:56  Probe (Chrono Boost)  
  52  10:59  Stalker, Probe (Chrono Boost)  
  52  11:00  Observer  
  53  11:09  Probe (Chrono Boost)  
  53  11:11  Pylon  
  56  11:12  Probe (Chrono Boost)  
  56  11:14  Probe (Chrono Boost), Sentry  
  56  11:16  Probe (Chrono Boost)  
  59  11:20  Stalker  
  60  11:28  Observer  
  60  11:37  Stalker  
  60  11:41  Adept x2  
  60  11:43  Probe x2  
  60  11:45  Observer  
  58  11:50  Zealot  
  56  11:55  Zealot  
  56  12:00  Disruptor (Chrono Boost)  
  51  12:12  Stalker, Sentry  
  55  12:18  Stalker  
  53  12:23  Probe  
  53  12:26  Disruptor (Chrono Boost)  
  53  12:38  Stalker  
  53  12:46  Stalker  
  48  12:52  Stalker  
  48  12:56  Stalker  
  51  13:03  Stalker  
Tags
 
Add a new tag
Caveats
  • Supply blocks, unpowered buildings, or Contaminate may cause inaccurate times.
  • Supply counts are checked every 10 seconds.